 Dungeon Crawl Stone Soup version 0.31-a0-672-g7da72447bb (webtiles) character file.

Game seed: 9259829298019104480

5489 ragingrage the Skirmisher (level 10, -3/66 HPs)
             Began as an Octopode Hunter on Sept 4, 2023.
             Was an Initiate of Gozag.
             Slain by a vampire mosquito (10 damage)
             ... on level 10 of the Dungeon on Sept 5, 2023.
             The game lasted 00:22:16 (15950 turns).

ragingrage the Skirmisher (Octopode Hunter)        Turns: 15950, Time: 00:22:17

Health: -3/66      AC:  1    Str:  6    XL:     10   Next: 69%
Magic:  10/10      EV: 16    Int: 12    God:    Gozag
Gold:   1677       SH:  0    Dex: 19    Spells: 7/9 levels left

rFire   . . .        b - +3 rapier "Sioxzof" {spect, rPois rCorr Str-5}
rCold   . . .        (no shield)
rNeg    . . .        (helmet restricted)
rPois   +            w - amulet of the acrobat
rElec   .            t - ring of flight
rCorr   +            (no ring)
SInv    .            (no ring)
Will    .....        (no ring)
Stlth   ++++         (no ring)
HPRegen 0.31/turn    (no ring)
MPRegen 0.12/turn    (no ring)
                     (no ring)

%: acrobat
@: flying
A: almost no armour, amphibious, 8 rings, camouflage 1, gelatinous body 1,
(nimble swimmer 1), tentacles
a: Renounce Religion, Potion Petition, Call Merchant, Bribe Branch


You were on level 10 of the Dungeon.
You worshipped Gozag.
Gozag was most pleased with you.
You visited 2 branches of the dungeon, and saw 12 of its levels.
You also visited: Ossuary.

You collected 1762 gold pieces.
You paid 85 gold pieces to Gozag.

Inventory:

Hand Weapons
 a - a +2 shortbow
 b - the +3 rapier "Sioxzof" (weapon) {spect, rPois rCorr Str-5}
   (You found it on level 7 of the Dungeon)

   Str-5:     It affects your strength (-5).
   rPois:     It protects you from poison rCorr: It protects you from acid and
   corrosion.
 e - a +0 long sword
 G - the +7 long sword "Mamea" {flame, Dex+5}
   (You found it on level 11 of the Dungeon)

   Dex+5:     It affects your dexterity (+5).
Missiles
 i - 33 poisoned darts
 m - 2 throwing nets
Jewellery
 t - a ring of flight (left tentacle)
 w - an amulet of the acrobat (around mantle)
Wands
 g - a wand of paralysis (5)
 j - a wand of iceblast (10)
Scrolls
 c - 2 scrolls of fog
 f - a scroll of enchant weapon
 l - 2 scrolls of immolation
 n - 2 scrolls of revelation {unknown}
 p - a scroll of summoning {unknown}
 q - 3 scrolls of amnesia
 u - 2 scrolls of enchant armour
 x - a scroll of fear
 y - 2 scrolls of blinking
 C - 2 scrolls of noise {unknown}
 D - a scroll of brand weapon {unknown}
 E - a scroll of poison {unknown}
Potions
 h - a potion of haste
 k - a potion of resistance {unknown}
 o - 4 potions of curing
 r - 3 potions of attraction {unknown}
 s - a potion of ambrosia {unknown}
 v - 4 potions of might {unknown}
 z - a potion of berserk rage {unknown}
 A - 5 potions of mutation {unknown}
 B - 2 potions of enlightenment


   Skills:
 + Level 5.2 Fighting
 - Level 14.0 Ranged Weapons
 + Level 5.2 Dodging
 - Level 3.0 Stealth
 - Level 3.0 Evocations


You had 7 spell levels left.
You knew the following spells:

 Your Spells              Type           Power      Damage    Failure   Level
a - Blink                 Tloc           0%         N/A       45%         2

Your spell library contained the following spells:

 Spells                   Type           Power      Damage    Failure   Level
 Magic Dart               Conj           0%         1d3       32%         1
 Sting                    Tmut/Pois      0%         1d3       32%         1
 Call Imp                 Summ           0%         N/A       45%         2
 Lesser Beckoning         Tloc           0%         N/A       45%         2
 Momentum Strike          Conj/Tloc      0%         3d8       45%         2
 Poisonous Vapours        Pois/Air       0%         N/A       45%         2
 Static Discharge         Conj/Air       0%         2-2/arc   45%         2
 Ignite Poison            Fire/Tmut/Pois 0%         N/A       69%         3
 Mephitic Cloud           Conj/Pois/Air  0%         N/A       69%         3
 Airstrike                Air            0%         2d(0-16)  97%         4
 Olgreb's Toxic Radiance  Pois           0%         N/A       97%         4
 Sticky Flame             Conj/Fire      0%         2d3       97%         4
 Summon Lightning Spire   Summ/Air       0%         N/A       97%         4
 Ignition                 Fire           0%         3d3       100%        8


Dungeon Overview and Level Annotations

Branches:
Dungeon (11/15)            Temple (1/1) D:5             Orc (0/2) D:10
Ossuary (visited)
   Lair: D:8-11

Altars:
Ashenzari
Cheibriados
Dithmenos
Elyvilon
Fedhas
Gozag
Hepliaklqana
Kikubaaqudgha
Makhleb
Nemelex Xobeh
Okawaru
Qazlal
Ru
Sif Muna
Trog
Uskayaw
Vehumet
Wu Jian
Xom
Yredelemnul
Zin
The Shining One

Annotations:
D:2 Robin
D:6 3 runed translucent doors, Grinder; cforsyth's ghost, novice GnAr
D:8 exclusion: downstairs
D:9 exclusion: two-headed ogre
D:10 exclusion: oklob plant, Nergalle
D:11 exclusion: gargoyle


Innate Abilities, Weirdness & Mutations

You cannot wear most types of armour.
You are amphibious.
You can wear up to eight rings at the same time.
Your skin changes colour to match your surroundings (Stealth+).
Your rubbery body absorbs attacks. (AC +1, EV +1)
((You are camouflaged when in or above water. (Stealth+)))
You have tentacles for arms and can constrict up to eight enemies at once.


Message History

The vampire mosquito draws strength from your injuries!
You puncture the vampire mosquito!
Your +3 rapier "Sioxzof" {spect, rPois rCorr Str-5} barely misses the vampire mosquito.
You constrict the vampire mosquito. The vampire mosquito bites you.
* * * LOW HITPOINT WARNING * * *
The vampire mosquito draws strength from your injuries!
The vampire mosquito barely misses you.
You feel much better.
Your +3 rapier "Sioxzof" {spect, rPois rCorr Str-5} disappears.
You constrict the vampire mosquito.
The vampire mosquito escapes!
The vampire mosquito bites you.
The vampire mosquito draws strength from your injuries!
Unknown command.
You miss the vampire mosquito. You grab the vampire mosquito.
Your squeeze misses the vampire mosquito.
Your +3 rapier "Sioxzof" {spect, rPois rCorr Str-5} hits the vampire mosquito!
You constrict the vampire mosquito. The vampire mosquito bites you.
The vampire mosquito draws strength from your injuries!
The vampire mosquito bites you.
* * * LOW HITPOINT WARNING * * *
The vampire mosquito draws strength from your injuries!
The vampire mosquito barely misses you. The vampire mosquito bites you.
* * * LOW HITPOINT WARNING * * *
The vampire mosquito draws strength from your injuries!
The vampire mosquito bites you.
* * * LOW HITPOINT WARNING * * *
The vampire mosquito draws strength from your injuries!
You barely miss the vampire mosquito. You grab the vampire mosquito.
You squeeze the vampire mosquito.
Your +3 rapier "Sioxzof" {spect, rPois rCorr Str-5} hits the vampire mosquito!
You constrict the vampire mosquito. x2; The vampire mosquito bites you.
* * * LOW HITPOINT WARNING * * *
The vampire mosquito draws strength from your injuries!
The vampire mosquito bites you but does no damage.
The vampire mosquito barely misses you. The vampire mosquito bites you.
* * * LOW HITPOINT WARNING * * *
The vampire mosquito draws strength from your injuries!
The vampire mosquito bites you!
You die...
Your body crumbles into a pile of gold.

#### ..# #.#
#####
####(###...#
#...@y.....#
#.##y###...#
#.# ##.##
......$.#
#.#
#########
#.# #.#
#.####
#....# .###
####.#


You could see 2 vampire mosquitoes and a friendly +3 rapier "Sioxzof" {spect,
rPois rCorr Str-5}.

Vanquished Creatures
  2 trolls
  9 yaks
  A wyvern (D:7)
  2 vampire mosquitoes (D:10)
  A water moccasin (D:7)
  A black bear (D:6)
  2 sky beasts (D:6)
  An ogre (D:4)
  A centaur (D:5)
  3 elf zombies (Ossuary)
  3 kobold brigands
  A gnoll sergeant (D:8)
  4 bullfrogs
  3 scorpions
  18 killer bees
  5 howler monkeys
  A jelly (D:7)
  2 orc priests
  A centaur zombie (Ossuary)
  A gnoll bouda (D:10)
  A hound (D:4)
  Jessica (D:2)
  2 iguanas
  5 orc wizards
  3 mummies
  17 gnolls
  11 adders
  8 river rats (D:6)
  3 shadow imps
  A white imp (D:6)
  2 ufetubi (D:4)
  An adder zombie (Ossuary)
  A worm (D:4)
  2 dart slugs (D:4)
  34 orcs
  4 ball pythons
  9 endoplasms
  5 giant cockroaches
  8 goblins
  4 hobgoblins
  4 jackals (D:1)
  18 kobolds
  10 quokkas
  5 bats
  4 frilled lizards
  A goblin zombie (Ossuary)
  12 hobgoblin zombies (Ossuary)
  8 kobold zombies
  11 orc zombies
  21 rats
  2 rat zombies (Ossuary)
280 creatures vanquished.

Notes
Turn   | Place    | Note
-------+----------+-------------------------------------------
     0 | D:1      | ragingrage the Octopode Hunter began the quest for the Orb.
     0 | D:1      | Reached XP level 1. HP: 14/14 MP: 1/1
    67 | D:1      | Reached XP level 2. HP: 16/19 MP: 2/2
   359 | D:1      | Reached XP level 3. HP: 17/24 MP: 3/3
   702 | D:2      | Noticed Jessica
  1097 | D:2      | Reached skill level 5 in Ranged Weapons
  1097 | D:2      | Reached XP level 4. HP: 18/29 MP: 4/4
  1326 | D:2      | Noticed Robin
  1478 | D:2      | Killed Jessica
  1667 | D:2      | Reached XP level 5. HP: 34/34 MP: 5/5
  2029 | D:3      | Reached skill level 6 in Ranged Weapons
  3320 | D:4      | Learned a level 2 spell: Blink
  3596 | D:4      | Noticed an ogre
  3732 | D:4      | Reached skill level 7 in Ranged Weapons
  3732 | D:4      | Reached XP level 6. HP: 22/39 MP: 6/6
  4816 | D:4      | Reached skill level 8 in Ranged Weapons
  4816 | D:4      | Reached XP level 7. HP: 45/45 MP: 7/7
  4829 | D:5      | Entered Level 5 of the Dungeon
  5131 | D:5      | Found a staircase to the Ecumenical Temple.
  5139 | Temple   | Entered the Ecumenical Temple
  5158 | Temple   | Became a worshipper of Gozag Ym Sagoz the Greedy
  5924 | D:5      | Reached skill level 9 in Ranged Weapons
  6457 | D:6      | Noticed cforsyth's ghost (novice GnAr)
  6665 | D:6      | Reached XP level 8. HP: 34/50 MP: 8/8
  6798 | D:6      | Noticed Grinder
  6978 | D:6      | Reached skill level 10 in Ranged Weapons
  7330 | D:6      | Found a runed translucent gate.
  7330 | D:6      | Found a runed translucent gate.
  7330 | D:6      | Found a runed translucent gate.
  8025 | D:7      | Reached skill level 11 in Ranged Weapons
  8131 | D:7      | Found a sand-covered staircase.
  8232 | Ossuary  | Entered an ossuary
  8570 | Ossuary  | Reached XP level 9. HP: 30/54 MP: 9/9
  9010 | D:7      | Reached skill level 12 in Ranged Weapons
  9197 | D:7      | Found an ancient bone altar of Kikubaaqudgha.
  9198 | D:7      | Found a blossoming altar of Fedhas.
  9199 | D:7      | Identified the +3 rapier "Sioxzof" {spect, rPois rCorr
                  | Str-5}
  9259 | D:7      | Found a burning altar of Makhleb.
  9345 | D:7      | Found a shimmering blue altar of Sif Muna.
  9345 | D:7      | Found an iron altar of Okawaru.
 10207 | D:8      | Reached skill level 13 in Ranged Weapons
 11441 | D:9      | Reached skill level 1 in Evocations
 11893 | D:9      | Noticed a troll
 12333 | D:9      | Reached XP level 10. HP: 60/60 MP: 10/10
 12481 | D:9      | Found a hazy altar of Hepliaklqana.
 12595 | D:9      | Noticed a two-headed ogre
 13022 | D:10     | Entered Level 10 of the Dungeon
 13102 | D:10     | Reached skill level 14 in Ranged Weapons
 13246 | D:10     | Noticed Nergalle
 14053 | D:11     | Noticed a kobold demonologist
 14305 | D:11     | Identified the +7 long sword "Mamea" {flame, Dex+5}
 14315 | D:11     | Noticed a gargoyle
 14620 | D:10     | Noticed an oklob plant
 15180 | D:10     | Found a staircase to the Orcish Mines.
 15695 | D:10     | Reached skill level 5 in Fighting
 15937 | D:10     | Reached skill level 5 in Dodging
 15950 | D:10     | Slain by a vampire mosquito

Illustrated notes

Levels and vault maps discovered:
D:1:      wander_arrival_desolate, layout_basic
D:2:      layout_loops_corners, uniq_robin, uniq_jessica
D:3:      layout_loops_corners, portal_sewer_entry_e, patterned_corridor
D:4:      layout_loops_ring
D:5:      layout_basic, minmay_temple_entry_gardened_gates, minivault_14
D:6:      lemuel_ratsnest, layout_basic, gammafunk_ghost_icy, uniq_grinder
D:7:      layout_rooms, grunt_temple_overflow_growth_and_decay,
          mainiacjoe_overflow_six_doors_small, amethyst_overflow_temple_binary,
          nicolae_ossuary_entry_giza
D:8:      layout_loops_ring
D:9:      layout_long_grid, nicolae_hepliaklqana_hippocampus
D:10:     layout_loops_cross, dpeg_oklobed_lair, orc_0_dummy,
          serial_bayou_pond_a, hangedman_decor_slide_cut, uniq_nergalle
D:11:     layout_rooms
Temple:   nicolae_temple_slightly_damp_pantheon

Skill      XL: |  1  2  3  4  5  6  7  8  9 10 |
---------------+-------------------------------+-----
Stealth        | 2 3 |  3.0
Ranged Weapons | 5 7 8 9 11 13 14 | 14.0
Evocations     | 3 |  3.0
Fighting       | 5 |  5.2
Dodging        | 5 |  5.2

Action                     |  1- 3 |  4- 6 |  7- 9 | 10-12 || total
---------------------------+-------+-------+-------+-------++-------
  Melee: Long sword        |       |     2 |       |       ||     2
         Tentacles         |       |     1 |     7 |    13 ||    21
         Shortbow          |       |       |     5 |       ||     5
         Rapier            |       |       |    15 |    37 ||    52
         Constrict         |       |       |     7 |     6 ||    13
   Fire: Shortbow          |    71 |   211 |   640 |   180 ||  1102
  Throw: Dart              |       |       |       |     1 ||     1
  Evoke: Wand              |       |     1 |    14 |     6 ||    21
    Use: Scroll            |       |     9 |     6 |     2 ||    17
         Potion            |       |     5 |     3 |     3 ||    11
   Stab: Paralysed         |       |       |     4 |     4 ||     8
         Distracted        |       |       |       |     1 ||     1
         Sleeping          |       |       |       |     1 ||     1
 Armour: Skin              |    13 |    39 |   138 |    71 ||   261
  Dodge: Dodged            |    19 |    64 |   195 |    71 ||   349

Table legend: (Time is in decaauts)
 A = Elapsed time spent in this place.
 B = Non-inter-level travel time spent in this place.
 C = Inter-level travel time spent in this place.
 D = Time resting spent in this place.
 E = Time spent auto-exploring this place.
 F = Levels seen in this place.
 G = Mean time per level.
                   A        B        C        D        E       F      G
               +--------+--------+--------+--------+--------+-----+--------+
         Total |  15854 |  14505 |   1349 |   4657 |   7001 |  13 | 1219.5 |
       Dungeon |  15296 |  13984 |   1312 |   4657 |   6672 |  11 | 1390.5 |
        Temple |     41 |      4 |     37 |      0 |      0 |   1 |   41.0 |
       Ossuary |    516 |    516 |      0 |      0 |    329 |   1 |  516.0 |
               +--------+--------+--------+--------+--------+-----+--------+

Top non-repeatable levels by time:
     D:8: 2436 daAuts
    D:10: 1904 daAuts
     D:9: 1625 daAuts
     D:4: 1588 daAuts
     D:5: 1521 daAuts
     D:6: 1468 daAuts
     D:2: 1280 daAuts
     D:3: 1230 daAuts
     D:7: 1168 daAuts
     D:1: 747 daAuts
 Ossuary: 516 daAuts
    D:11: 325 daAuts
  Temple: 41 daAuts
